 Dungeon Crawl Stone Soup version 0.22-a0-803-gd6d8abe (webtiles) character file.

730 chubbie the Covert (level 7, -1/46 HPs)
             Began as an Octopode Assassin on July 22, 2018.
             Was an Initiate of Trog.
             Shot with an arrow by a centaur (8 damage)
             ... on level 5 of the Dungeon.
             The game lasted 00:26:04 (6378 turns).

chubbie the Covert (Octopode Assassin)              Turns: 6378, Time: 00:26:04

Health: -1/46      AC:  1    Str: 13    XL:     7   Next: 73%
Magic:  7/7        EV: 14    Int: 13    God:    Trog [......]
Gold:   234        SH:  0    Dex: 16    Spells: 6/6 levels left

rFire    . . .     SeeInvis .   u - +3 dagger (protect)
rCold    . . .     Gourm    .   (no shield)
rNeg     . . .     Faith    .   (helmet restricted)
rPois    .         Spirit   .   (no amulet)
rElec    .         Reflect  .   c - +3 ring of dexterity
rCorr    .         Harm     .   (no ring)
MR       .....                  (no ring)
Stlth    ++++++....             (no ring)
HPRegen  0.15/turn              (no ring)
MPRegen  0.10/turn              (no ring)
                                (no ring)
                                (no ring)

@: no status effects
A: almost no armour, stealthy swim, amphibious, 8 rings, constrict 8, camouflage
1, gelatinous body 1
a: Renounce Religion


You were on level 5 of the Dungeon.
You worshipped Trog.
Trog was noncommittal.
You were not hungry.

You visited 1 branch of the dungeon, and saw 5 of its levels.

You collected 234 gold pieces.

Inventory:

Hand Weapons
 u - a +3 dagger of protection (weapon)
Jewellery
 c - a +3 ring of dexterity (left tentacle)
Wands
 m - a wand of polymorph (17)
Scrolls
 d - a scroll of teleportation {unknown}
 g - a scroll of blinking {unknown}
 i - 3 scrolls of enchant armour {unknown}
 j - 8 scrolls of identify {unknown}
 n - a scroll of fog {unknown}
 o - a scroll of fear {unknown}
 p - 2 scrolls of remove curse
 q - a scroll of amnesia {unknown}
Potions
 a - a potion of brilliance {unknown}
 b - 2 potions of heal wounds {unknown}
 e - a potion of magic {unknown}
 f - 2 potions of degeneration {unknown}
 h - 3 potions of lignification {unknown}
 k - 2 potions of curing {unknown}
 l - a potion of flight {unknown}
 r - 2 potions of invisibility {unknown}
 s - a potion of agility {unknown}
 t - a potion of might {unknown}


   Skills:
 + Level 3.2 Fighting
 + Level 4.1 Short Blades
 - Level 2.0 Throwing
 + Level 2.8 Dodging
 * Level 10.4 Stealth


You had 6 spell levels left.
You didn't know any spells.
Your spell library contained the following spells:

 Spells                   Type           Power        Failure   Level  Hunger
 Magic Dart               Conj           #...         30%         1    ##.....
 Conjure Flame            Conj/Fire      #.......     67%         3    ####...
 Slow                     Hex            #.......     43%         2    ###....
 Freezing Cloud           Conj/Ice/Air   #.........   100%        6    #######
 Mephitic Cloud           Conj/Pois/Air  #.......     67%         3    ####...
 Ring of Flames           Chrm/Fire      #.........   100%        7    #######
 Blink                    Tloc           N/A          43%         2    ###....
 Call Imp                 Summ           #.......     43%         2    ###....
 Poisonous Vapours        Pois/Air       #.....       43%         2    ###....


Dungeon Overview and Level Annotations

Branches:
Dungeon (5/15)
 Temple: D:4-7

Altars:
Elyvilon
Ru
Trog
Xom


Innate Abilities, Weirdness & Mutations

You cannot wear most types of armour.
You are very stealthy in the water. (Stealth+)
You are amphibious.
You can wear up to eight rings at the same time.
You can use your tentacles to constrict eight enemies at once.
Your skin changes colour to match your surroundings (Stealth+).
Your rubbery body absorbs attacks. (AC +1, EV +1)


Message History

m - a wand of polymorph (17) Done exploring.
There is a stone staircase leading down here.
You open the door.
You climb downwards.
Found 18 gold pieces.
There is a stone staircase leading up here.
Found a hand axe.
You now have 234 gold pieces (gained 18).
A centaur comes into view.
The centaur shouts!
The centaur wields a shortbow.
The centaur shoots an arrow.
The arrow hits you!
Found a stone staircase leading down.
You see here an arrow.
The centaur shoots an arrow.
The arrow hits you!
You see here an arrow.
The centaur shoots an arrow.
The arrow hits you!
* * * LOW HITPOINT WARNING * * *
The centaur shoots an arrow.
The arrow hits you!
You die...

######
##########....#
#...)......##.#
#......(#####.#
#.......(@....##
#........###<..#
.........# ###.#
#........# .#
.........# .#
...?....c# .#
#.#.###### .# #.


You could see a centaur.

Vanquished Creatures
  An eye of draining (D:4)
  A bullfrog (D:4)
  A howler monkey (D:4)
  A bullfrog zombie (D:3)
  A centaur skeleton (D:4)
  A bullfrog skeleton (D:4)
  5 orc priests
  Terence (D:2)
  2 orc wizards (D:4)
  Robin (D:3)
  7 adders
  A gnoll (D:4)
  3 oozes
  4 worms
  2 dart slugs
  A leopard gecko (D:1)
  20 orcs
  9 bats
  2 giant cockroaches
  13 goblins
  12 hobgoblins
  8 kobolds
  A quokka (D:2)
  A ball python (D:3)
  8 frilled lizards
  A leopard gecko skeleton (D:2)
  9 rats
117 creatures vanquished.

Notes
Turn   | Place    | Note
-------+----------+-------------------------------------------
     0 | D:1      | chubbie the Octopode Assassin began the quest for the Orb.
     0 | D:1      | Reached XP level 1. HP: 14/14 MP: 1/1
    38 | D:1      | Reached XP level 2. HP: 4/19 MP: 2/2
   323 | D:1      | Reached skill level 6 in Stealth
  1086 | D:1      | Reached XP level 3. HP: 24/24 MP: 3/3
  1582 | D:2      | Found a sacrificial altar of Ru.
  1782 | D:2      | Reached skill level 7 in Stealth
  1952 | D:2      | Found a white marble altar of Elyvilon.
  1952 | D:2      | Found a shimmering altar of Xom.
  2015 | D:2      | Reached XP level 4. HP: 29/29 MP: 4/4
  2111 | D:2      | Noticed Terence
  2129 | D:2      | Killed Terence
  2765 | D:3      | Reached XP level 5. HP: 34/34 MP: 5/5
  2884 | D:3      | Reached skill level 8 in Stealth
  3065 | D:3      | Noticed Robin
  3632 | D:3      | Killed Robin
  3639 | D:3      | Reached XP level 6. HP: 33/41 MP: 6/6
  4755 | D:3      | Reached skill level 9 in Stealth
  5568 | D:4      | Reached XP level 7. HP: 43/45 MP: 7/7
  5812 | D:4      | Found a bloodstained altar of Trog.
  5836 | D:4      | Reached skill level 10 in Stealth
  5847 | D:4      | Became a worshipper of Trog the Wrathful
  6365 | D:5      | Entered Level 5 of the Dungeon
  6378 | D:5      | Shot with an arrow by a centaur

Vault maps used:
D:1:      dpeg_arrival_lava_altar, serial_bayou_lagoon_a, fountainhead,
          minmay_tetromino_t2
D:2:      nicolae_overflow_crystal_walls,
          chequers_temple_overflow_statue_of_worship, uniq_terence
D:3:      minmay_misc_feat_rugged, uniq_robin
D:4:      trog_eyes_of_draining, first_ration
D:5:      minmay_temple_entry_statues_fountains

Skill      XL: |  1  2  3  4  5  6  7 |
---------------+----------------------+-----
Stealth        | 6 7 8 9 10 | 10.4
Short Blades   | 3 4 |  4.1
Dodging        | 2 |  2.8
Fighting       | 3 |  3.2
Throwing       | |  2.0

Action                   |  1- 3 |  4- 6 |  7- 9 || total
-------------------------+-------+-------+-------++-------
Melee: Dagger            |    78 |    33 |       ||   111
       Tentacles         |    15 |    37 |     3 ||    55
       Constrict         |    16 |    39 |     4 ||    59
       Short sword       |       |   117 |    31 ||   148
  Use: Scroll            |     1 |       |       ||     1
       Potion            |       |     1 |       ||     1
 Stab: Sleeping          |    11 |    11 |    11 ||    33
  Eat: Ration            |     1 |     3 |     1 ||     5
       Chunk             |     1 |       |       ||     1
Armor: Skin              |    11 |    10 |       ||    21
Dodge: Dodged            |    44 |    85 |     7 ||   136

Table legend:
 A = Spawn XP
 B = Non-spawn XP
 C = Spawn XP percentage of total XP
 D = Spawn monster count
 E = Non-spawn monster count
 F = Spawn count percentage of total count
 G = Total turns spent on level
                    A         B        C        D         E        F      G
               +---------+---------+-------+---------+---------+-------+---------
         Total |       0 |    1043 |   0.0 |       0 |     117 |   0.0 |  6378
               +---------+---------+-------+---------+---------+-------+---------
           D:1 |       0 |      40 |   0.0 |       0 |      23 |   0.0 |  1564
           D:2 |       0 |     124 |   0.0 |       0 |      28 |   0.0 |  1508
           D:3 |       0 |     264 |   0.0 |       0 |      42 |   0.0 |  1745
           D:4 |       0 |     615 |   0.0 |       0 |      24 |   0.0 |  1548
               +---------+---------+-------+---------+---------+-------+---------
